 Dungeon Crawl Stone Soup version 0.21-a0-634-gaf8bc5d (webtiles) character file.

1824779 Charly the Imperceptible (level 27, 156/156 HPs)
             Began as a Vine Stalker Warper on Dec 29, 2017.
             Was the Champion of Ru.
             Escaped with the Orb
             ... and 3 runes on Dec 30, 2017!
             The game lasted 04:19:59 (60919 turns).

Charly the Imperceptible (Vine Stalker Warper)     Turns: 60919, Time: 04:20:00

Health: 156/156    AC: 19    Str: 20    XL:     27
Magic:  44/44      EV: 30    Int: 15    God:    Ru [******]
Gold:   1911       SH: 11    Dex: 20    Spells: 32/58 levels left

rFire    + + +     SeeInvis .   a - +9 quick blade (flame)
rCold    + + .     Gourm    .   F - +3 buckler {rC+ rF+}
rNeg     + + +     Faith    .   W - +1 leather armour of the Sun {rElec rN+++ Regen+ Dex-4}
rPois    +         Spirit   +   O - +2 helmet
rElec    +         Reflect  .   y - +2 cloak {MR+}
rCorr    .         Harm     .   z - +2 pair of gloves {archery}
MR       ++++.                  C - +2 pair of boots
Stlth    +++.......             Q - amulet "Boggeuto" {Inacc rF+ Dex+2}
HPRegen  1.56/turn              D - +3 ring of slaying
MPRegen  0.29/turn              w - ring of Wonder {*Contam rPois rC+ Dex+5}

@: no status effects
A: fangs 3, yellow scales 1, clumsy 1, fire resistance 1, mutation resistance 1,
regeneration 2, shaggy fur 1, magic shield, antimagic bite, no potion heal 3,
rot immunity, inability to drink while threatened, inability to use devices,
inability to train armour, no conjurations magic, no necromancy magic, no poison
magic
0: Orb of Zot
}: 3/15 runes: decaying, silver, gossamer
a: Draw Out Power, Power Leap, Apocalypse, Renounce Religion


You escaped.
You worshipped Ru.
Ru was exalted by your worship.
You were full.

You visited 10 branches of the dungeon, and saw 50 of its levels.
You also visited: Labyrinth, Ossuary, Volcano and Wizlab.

You collected 6927 gold pieces.
You spent 5016 gold pieces at shops.

Inventory:

Hand Weapons
 a - a +9 quick blade of flaming (weapon)
 b - a +4 rapier of electrocution
Missiles
 e - 6 tomahawks of dispersal
 q - 2 throwing nets (quivered)
 L - 5 steel javelins
Armour
 y - a +2 cloak of magic resistance (worn)
 z - a +2 pair of gloves of archery (worn)
 C - a +2 pair of boots (worn)
 F - a +3 buckler of resistance (worn)
 M - a +2 troll leather armour
 O - a +2 helmet (worn)
 W - the +1 leather armour of the Sun (worn) {rElec rN+++ Regen+ Dex-4}
   (You found it in a labyrinth)

   It affects your dexterity (-4).
   It insulates you from electricity.
   It renders you almost immune to negative energy.
   It increases your rate of regeneration.
Jewellery
 c - the ring "Boocusmo" {rC+ Str+2 Dex+2 Stlth-}
   (You found it on level 5 of the Depths)

   [ring of loudness]

   It affects your strength (+2).
   It affects your dexterity (+2).
   It protects you from cold.
   It makes you less stealthy.
 f - an uncursed ring of protection from fire
 i - the ring "Zyagec" {Int+3 SInv}
   (You found it in a wizard's laboratory)

   [ring of see invisible]

   It affects your intelligence (+3).
   It lets you see invisible.
 m - an uncursed ring of protection from magic
 n - the ring of Laagip {Wiz rN+ Int+2}
   (You found it on level 1 of the Depths)

   [ring of wizardry]

   It improves your spell success rate.
   It affects your intelligence (+2).
   It protects you from negative energy.
 w - the ring of Wonder (right hand) {*Contam rPois rC+ Dex+5}
   (You took it off a deep elf annihilator on level 3 of the Depths)

   [ring of protection from cold]

   It affects your dexterity (+5).
   It protects you from cold.
   It protects you from poison.
   It causes magical contamination when unequipped.
 D - a +3 ring of slaying (left hand)
 Q - the amulet "Boggeuto" (around neck) {Inacc rF+ Dex+2}
   (You found it on level 4 of the Lair of Beasts)

   [amulet of inaccuracy]

   It reduces the accuracy of all your attacks.
   It affects your dexterity (+2).
   It protects you from fire.
Scrolls
 d - 10 scrolls of blinking
 h - 4 scrolls of fear
 j - 25 scrolls of remove curse
 l - 14 scrolls of teleportation
 p - 2 scrolls of holy word
 s - 10 scrolls of identify
 u - 4 scrolls of immolation
 B - 14 scrolls of amnesia
 E - 4 scrolls of silence
 K - 3 scrolls of summoning
 P - 2 scrolls of magic mapping
 R - 8 scrolls of vulnerability
 T - 4 scrolls of fog
Potions
 g - 39 potions of curing
 k - 6 potions of lignification
 o - a potion of might
 r - 7 potions of cancellation
 t - a potion of agility
 v - 7 potions of resistance
 A - 6 potions of haste
 G - 16 potions of mutation
 H - a potion of brilliance
 I - 5 potions of berserk rage
 N - 4 potions of magic
 S - 2 potions of flight
 V - 6 potions of ambrosia
Comestibles
 x - 65 rations


   Skills:
 + Level 19.9 Fighting
 - Level 14.0 Short Blades
 - Level 0.8 Throwing
 + Level 20.8 Dodging
 + Level 24.3 Stealth
 - Level 14.3 Shields
 - Level 16.3 Spellcasting
 - Level 15.0 Hexes
 - Level 5.9 Charms
 - Level 10.7 Summonings
 - Level 8.7 Translocations
 - Level 5.9 Ice Magic


You had 32 spell levels left.
You knew the following spells:

 Your Spells              Type           Power        Failure   Level  Hunger
a - Ozocubu's Armour      Chrm/Ice       ####....     1%          3    None
b - Blink                 Tloc           N/A          1%          2    None
c - Apportation           Tloc           #####.       1%          1    None
g - Shroud of Golubria    Chrm/Tloc      ####......   1%          2    None
i - Invisibility          Hex            ######..     1%          6    ######.
l - Lesser Beckoning      Tloc           #####.....   1%          3    None
p - Passage of Golubria   Tloc           N/A          1%          4    #......
A - Aura of Abjuration    Summ           #####.....   1%          5    ####...


Dungeon Overview and Level Annotations

Branches:
Dungeon (15/15)            Temple (1/1) D:5            Lair (6/6) D:8
  Swamp (4/4) Lair:3       Spider (4/4) Lair:3        Slime (0/5) Lair:5
    Orc (2/2) D:9             Elf (3/3) Orc:2        Vaults (5/5) D:14
  Crypt (0/3) Vaults:3     Depths (5/5) D:15            Zot (5/5) Depths:5

Altars:
Ashenzari
Cheibriados
Dithmenos
Elyvilon
Fedhas
Gozag
Hepliaklqana
Kikubaaqudgha
Makhleb
Nemelex Xobeh
Okawaru
Qazlal
Ru
Sif Muna
Trog
Uskayaw
Vehumet
Wu Jian
Xom
Yredelemnul
Zin
The Shining One
Beogh
Jiyva

Shops:
D:5 [   D:13 (   Orc:2 (*=!!   Elf:1 [**   Elf:2 }   Elf:3 *%*?(   Vaults:4 }
Vaults:5 %?!

Portals:
Hell: Depths:1 Depths:2 Depths:3 Depths:4 Depths:5
Abyss: Depths:1 Depths:4
Pandemonium: Depths:3
Ziggurat: Depths:1
Trove: Depths:5 (give 7 potions of haste)

Annotations:
D:5 exclusion: 2 doors
D:14 Rupert
Lair:4 exclusion: oklob plant
Elf:3 1 exclusion


Innate Abilities, Weirdness & Mutations

You have razor-sharp teeth.
You are clumsy. (Dex -2)
You heal very quickly.
When hurt, damage is shared between your health and your magic reserves.
Your bite disrupts and absorbs the magic of your enemies.
Potions cannot restore your health.
You are immune to rotting.
You cannot drink potions while threatened.
You cannot study or use magical devices.
You cannot train Armour skill.
You cannot study or cast Conjurations magic.
You cannot study or cast Necromancy magic.
You cannot study or cast Poison magic.
You are partially covered in yellow scales. (AC +2)
Your flesh is heat resistant. (rF+)
You are somewhat resistant to further mutation.
You are covered in fur. (AC +1)


Message History

There is a stone staircase leading down here.
There is a stone staircase leading up here.
You climb upwards.
A goblin comes into view. It is wielding a club.
There is a stone staircase leading down here.
The goblin shouts!
The goblin completely misses you.
You hit the goblin. You burn the goblin.
You kill the goblin!
No target in view!
(D) Dungeon (T) Temple (L) Lair (S) Swamp (N) Spider Nest (M) Slime Pits (O) Orcish Mines (E) Elven Halls (V) Vaults (C) Crypt (U) Depths (H) Hell (Z) Zot
Where to? (Enter - D:1 @ (x,y), ? - help)
There is a stone staircase leading up here.
You climb upwards.
There is a stone staircase leading down here.
There is a staircase leading out of the dungeon here.
You have escaped!

#.#........# #........#
#.#.......## #.......##
#.........# #........#
#.#.(.....## ##........######
#.#........###....(.(.......#
#...........................#
#....###.........###..#.###.#
#...## ##.......## ##.#.# #.#
##..# #...@...# #.#.# #.# #..##
##.......## ##.#.# #.#
#...###.........###..#.###.#
#..........................#
#.........###...........>..#
#.†......## ##.......#.#####
######........# #..........##
..............## #...........#
######.........###...........##


There were no monsters in sight!

Vanquished Creatures
  4 orbs of fire
  6 ancient liches
  Boris (Vaults:3)
  Saint Roka (Orc:2)
  Frederick (Vaults:3)
  2 curse toes (Zot:2)
  3 Killer Klowns (Zot:5)
  Margery (Depths:3)
  3 caustic shrikes (Depths:5)
  Xtahua (Vaults:3)
  13 golden dragons
  Nikola (Elf:3)
  the Enchantress (Depths:4)
  A profane servitor (Zot:1)
  A mutant beast (WizLab)
  Arachne (Spider:3)
  14 tentacled monstrosities
  5 electric golems
  A pandemonium lord (D:11)
  Jorgrun (Swamp:4)
  27 Orb Guardians
  2 liches
  2 deep elf blademasters
  Asterion (Spider:3)
  2 deep elf master archers (Elf:3)
  4 titans
  7 quicksilver dragons
  6 death cobs
  Kirke (D:14)
  14 storm dragons
  2 sphinxes
  9 tengu reavers
  A thorn hunter (Swamp:1)
  6 draconian monks
  16 shadow dragons
  Donald (Orc:2)
  11 frost giants
  The ghost of Alarkh the Fencer, an adept DsMo of Okawaru (Spider:1)
  2 iron dragons
  5 draconian knights
  A balrug (Depths:3)
  8 deep elf sorcerers
  7 draconian scorchers
  5 emperor scorpions
  11 fire giants
  14 vault wardens
  Louise (Spider:1)
  6 ghost moths
  7 deep elf elementalists
  An angel (Depths:4)
  3 draconian shifters
  4 draconian stormcallers
  A ghoul (Vaults:1)
  5 draconian annihilators
  9 spriggan defenders
  35 very ugly things
  12 ironheart preservers
  17 stone giants
  A war gargoyle (Vaults:5)
  8 entropy weavers
  9 green draconians
  10 deep elf annihilators
  9 black draconians
  2 vampire knights
  3 deep elf demonologists
  A dire elephant (Lair:6)
  A lorocyproca (Depths:3)
  8 white draconians
  7 red draconians
  3 spark wasps
  12 yellow draconians
  16 purple draconians
  2 merfolk javelineers (Depths:2)
  The ghost of Ripsaw the Destroyer, a journeyman DrCj of Vehumet (Lair:5)
  3 deep elf death magi
  12 ettins
  A minotaur (Lab)
  2 jiangshi (Depths:3)
  7 crystal guardians
  3 deep elf high priests
  Erolcha (Orc:2)
  18 yaktaur captains
  8 rakshasas
  13 fire dragons
  10 great orbs of eyes
  4 ice dragons
  Fannar (Lair:2)
  40 vault guards
  3 hydras
  4 ghost crabs
  15 centaur warriors
  6 spriggan air magi
  22 two-headed ogres
  The ghost of mtoz the Cleaver, a novice MiBe of Trog (D:9)
  A catoblepas (Lair:6)
  29 dancing weapons
  2 alligators (shapeshifter) (Vaults:5)
  11 ogre magi
  4 death knights
  9 alligators
  A two-headed ogre (shapeshifter) (Vaults:5)
  11 deep troll shamans
  3 orc high priests (Orc:2)
  2 tengu warriors
  9 deep troll earth magi
  5 spriggan berserkers
  2 vampire magi
  11 death yaks (Lair:6)
  Sonja (D:14)
  4 sun demons
  A soul eater (Depths:3)
  4 shadow wraiths
  An iron golem (WizLab)
  2 sixfirhies
  17 hell knights
  16 deep elf knights
  A fire crab (shapeshifter) (Vaults:4)
  An iron troll (Depths:5)
  3 salamander mystics
  11 skeletal warriors
  A fire crab (Lair:5)
  27 deep trolls
  A glowing orange brain (shapeshifter) (Vaults:2)
  4 wizards
  An unseen horror (Vaults:1)
  2 glowing orange brains
  A spriggan druid (Swamp:3)
  3 swamp dragons
  A swamp dragon (shapeshifter) (D:15)
  2 shambling mangroves
  12 deep elf archers
  6 phantasmal warriors
  4 harpies (Vaults:2)
  15 ironbrand convokers
  A spectral hydra (Swamp:4)
  2 harpies (shapeshifter)
  6 necromancers
  Pikel (D:5)
  17 orc knights
  The ghost of Dustman the Shield-Bearer, a novice FoFi of Makhleb (D:7)
  33 orb spiders
  A mana viper (shapeshifter) (WizLab)
  5 orc sorcerers
  51 deep elf magi
  7 large abominations (WizLab)
  A wolf spider (shapeshifter) (Elf:2)
  A shining eye (shapeshifter) (Vaults:5)
  57 ugly things
  A faun (shapeshifter) (Vaults:5)
  27 wolf spiders
  A manticore (shapeshifter) (WizLab)
  2 manticores
  4 cyclopes
  A salamander (shapeshifter) (WizLab)
  13 salamanders
  30 moths of wrath
  A cyclops (shapeshifter) (Vaults:5)
  A moth of wrath (shapeshifter) (D:15)
  An elephant (shapeshifter) (Depths:1)
  14 elephants (Lair:6)
  Maurice (Orc:1)
  4 black mambas
  A guardian serpent (shapeshifter) (Vaults:1)
  2 gargoyles
  5 spectral swamp worms (Depths:3)
  11 spiny frogs
  18 vault sentinels
  3 orange demons
  7 centaur skeletons
  3 spiny frogs (shapeshifter)
  4 molten gargoyles
  A smoke demon (Depths:3)
  A rime drake (shapeshifter) (WizLab)
  An efreet (D:15)
  A rime drake (Lair:6)
  10 komodo dragons
  3 komodo dragons (shapeshifter)
  A kobold demonologist (D:14)
  15 freezing wraiths
  43 yaktaurs
  3 swamp worm zombies (Swamp:4)
  3 yaktaurs (shapeshifter)
  2 red devils
  A hellwing (Depths:3)
  20 demonic crawlers
  8 tengu conjurers
  A meliai (shapeshifter) (WizLab)
  7 trolls
  A queen bee (Spider:3)
  3 polar bears (Lair:6)
  42 jumping spiders
  2 wind drakes (shapeshifter)
  2 hydra zombies (Swamp:4)
  A hornet (shapeshifter) (Depths:2)
  Prince Ribbit (D:7)
  2 meliai (Spider:3)
  18 hornets
  6 tyrant leeches
  6 blink frogs
  An ice dragon zombie (Depths:1)
  A dream sheep (shapeshifter) (Vaults:5)
  16 hippogriffs
  8 bog bodies
  29 slime creatures
  3 alligator zombies (Swamp:4)
  2 blink frogs (shapeshifter) (WizLab)
  A snapping turtle (shapeshifter) (Vaults:5)
  2 hippogriffs (shapeshifter) (WizLab)
  7 air elementals
  A tarantella (shapeshifter) (WizLab)
  A redback (shapeshifter) (Vaults:4)
  9 spriggans
  14 water elementals
  5 wraiths
  43 yaks
  26 tarantellas
  2 wyverns (shapeshifter)
  A vampire (D:13)
  2 wyverns (D:14)
  3 shadows
  84 redbacks
  2 fire bats (Volcano)
  2 basilisks
  4 hogs (D:14)
  A human (shapeshifter) (Depths:2)
  A steam dragon (D:8)
  2 chaos spawn (Depths:3)
  2 hogs (shapeshifter)
  2 fire elementals
  13 vampire mosquitoes
  6 wargs
  4 hungry ghosts (Lab)
  A naga (shapeshifter) (WizLab)
  17 insubstantial wisps
  A swamp worm (shapeshifter) (Depths:5)
  4 acid dragons
  22 swamp worms
  5 floating eyes
  9 water moccasins
  10 porcupines
  4 sky beasts
  5 ice beasts
  A slave (D:5)
  6 swamp drakes
  25 orc warriors
  A spriggan simulacrum (Depths:1)
  8 phantoms
  2 eyes of draining (shapeshifter)
  2 tengu (shapeshifter)
  4 swamp dragon zombies (Swamp:4)
  38 wolves
  3 eyes of draining
  8 boggarts
  30 ogres
  15 centaurs
  9 crocodiles
  A crocodile (shapeshifter) (Depths:5)
  A big kobold (shapeshifter) (Depths:4)
  6 big kobolds
  7 earth elementals
  22 bullfrogs
  A water moccasin zombie (D:5)
  3 wyvern skeletons
  6 small abominations (WizLab)
  4 scorpions
  A water moccasin skeleton (D:5)
  3 human simulacra
  An elf simulacrum (Vaults:2)
  28 killer bees
  A vampire bat (Lair:4)
  10 wights
  5 electric eels
  A howler monkey (D:5)
  6 lava snakes
  8 bullfrog zombies
  4 crimson imps
  4 centaur zombies
  A jelly (D:8)
  8 hounds
  21 orc wizards
  A quasit (D:9)
  17 orc priests
  2 bullfrog skeletons
  An iron imp (D:15)
  Terence (D:2)
  Natasha (twice) (D:2)
  4 iguanas
  A spectral swamp drake (Swamp:4)
  7 worker ants
  A worker ant (shapeshifter) (Vaults:4)
  A hound zombie (Ossuary)
  2 hound skeletons (D:6)
  21 mummies (Ossuary)
  6 worker ant zombies
  A howler monkey skeleton (D:11)
  13 adders
  3 swamp drake zombies (Swamp:4)
  7 shadow imps
  A white imp (Depths:1)
  An ufetubus (Zot:2)
  2 adder zombies
  3 adder skeletons
  A worm (D:3)
  3 dart slugs
  2 leopard geckos
  81 orcs
  7 giant cockroaches
  6 goblins
  2 hobgoblins
  12 jackals
  27 kobolds
  2 quokkas
  3 ball pythons
  A ball python zombie (D:6)
  14 bats
  A frilled lizard (D:1)
  A jackal zombie (D:5)
  2 leopard gecko skeletons (D:5)
  2 leopard gecko zombies
  A quokka skeleton (D:7)
  2 quokka zombies
  15 rats
  A bush (Lair:6)
  6 fungi (Lair:6)
  4 plants (Lair:6)
2359 creatures vanquished.

Vanquished Creatures (collateral kills)
  2 caustic shrikes (Depths:5)
  A frost giant (Depths:5)
  A spriggan air mage (Depths:5)
  A spriggan berserker (Depths:5)
  A yaktaur (Depths:5)
6 creatures vanquished.

Vanquished Creatures (others)
  A bone dragon (Swamp:4)
  An Orb Guardian (Zot:5)
  A deep elf blademaster (Elf:3)
  A shadow dragon (Depths:5)
  A frost giant (Depths:1)
  2 fire giants
  A vault warden (Vaults:2)
  A deep elf sorcerer (Elf:3)
  A draconian scorcher (Zot:2)
  Aizul (Spider:3)
  2 ironheart preservers
  2 entropy weavers
  A stone giant (Depths:1)
  A draconian annihilator (Zot:2)
  A spriggan defender (Depths:5)
  A deep elf demonologist (Depths:3)
  3 deep elf annihilators
  4 ogre magi
  A fire dragon (Depths:3)
  An ice dragon (Depths:1)
  A vault guard (Vaults:5)
  A centaur warrior (Depths:1)
  A vampire mage (Depths:3)
  A skeletal warrior (Vaults:2)
  A hell knight (Depths:2)
  2 spectral hydras (Swamp:4)
  2 deep elf magi
  An ironbrand convoker (Vaults:2)
  An orc knight (Vaults:2)
  An ugly thing (Depths:5)
  5 wolf spiders
  A moth of wrath (Zot:1)
  A manticore (D:11)
  An elephant (Lair:6)
  A freezing wraith (Vaults:2)
  A yaktaur skeleton (Depths:1)
  9 yaktaurs
  2 jumping spiders
  A meliai (Spider:3)
  A hornet (Depths:4)
  A slime creature (Swamp:3)
  An ice dragon zombie (Depths:1)
  A hippogriff (Lair:1)
  A raiju (shapeshifter) (WizLab)
  An air elemental (D:14)
  3 redbacks
  A spriggan (Depths:4)
  A water elemental (D:14)
  3 humans (D:14)
  A vampire mosquito (Swamp:4)
  An insubstantial wisp (Swamp:4)
  A swamp worm (Swamp:2)
  A floating eye (WizLab)
  A sky beast (D:9)
  2 wolves
  3 ogres
  2 centaurs (Vaults:4)
  2 orc priests (Orc:2)
  An iguana (D:12)
  A swamp drake zombie (Swamp:4)
  A worm (D:5)
  An orc (D:12)
  2 jackals (D:5)
  A leopard gecko skeleton (D:5)
  A bush (Lair:6)
  11 fungi
  17 plants
126 creatures vanquished.

Grand Total: 2491 creatures vanquished

Notes
Turn   | Place    | Note
-------+----------+-------------------------------------------
     0 | D:1      | Charly the Vine Stalker Warper began the quest for the Orb.
     0 | D:1      | Reached XP level 1. HP: 11/11 MP: 4/4
   144 | D:1      | Reached XP level 2. HP: 9/15 MP: 6/6
   211 | D:1      | Reached skill level 1 in Stealth
   371 | D:1      | Reached XP level 3. HP: 12/18 MP: 7/7
   472 | D:1      | Learned a level 2 spell: Blink
   866 | D:2      | Found an ancient bone altar of Kikubaaqudgha.
   968 | D:2      | Noticed Natasha
   976 | D:2      | Killed Natasha
   976 | D:2      | Gained mutation: Your natural rate of healing is unusually fast. [Vine Stalker growth]
   976 | D:2      | Reached XP level 4. HP: 22/23 MP: 6/8
  1061 | D:2      | Noticed Terence
  1120 | D:2      | Killed Terence
  1128 | D:2      | Reached XP level 5. HP: 18/26 MP: 10/10
  1153 | D:2      | Learned a level 3 spell: Lesser Beckoning
  1230 | D:2      | Noticed Natasha
  1259 | D:2      | Killed Natasha
  1381 | D:2      | Learned a level 2 spell: Shroud of Golubria
  1783 | D:4      | Noticed an ogre
  1908 | D:4      | Reached skill level 5 in Translocations
  1908 | D:4      | Reached XP level 6. HP: 30/30 MP: 12/12
  1996 | D:4      | Noticed a phantom
  2054 | D:4      | Killed a phantom
  2223 | D:4      | Reached XP level 7. HP: 21/35 MP: 10/14
  2347 | D:4      | Found an iron altar of Okawaru.
  2456 | D:5      | Entered Level 5 of the Dungeon
  2533 | D:5      | Noticed Pikel
  2579 | D:5      | Killed Pikel
  2579 | D:5      | Reached skill level 3 in Stealth
  2579 | D:5      | Gained mutation: You have razor-sharp teeth. [Vine Stalker growth]
  2579 | D:5      | Reached XP level 8. HP: 20/40 MP: 7/15
  2597 | D:5      | Found a staircase to the Ecumenical Temple.
  2602 | Temple   | Entered the Ecumenical Temple
  2667 | Temple   | Became a worshipper of Ru the Awakened
  2720 | D:5      | Reached skill level 4 in Stealth
  2762 | D:5      | Found a radiant altar of Vehumet.
  2870 | D:5      | Found Meiddumpuf's Antique Armour Emporium.
  3071 | D:5      | Reached skill level 5 in Short Blades
  3224 | D:5      | Bought a glowing cloak for 150 gold pieces
  3576 | D:6      | Reached skill level 5 in Stealth
  3684 | D:6      | Found an ornate altar of the Wu Jian Council.
  3777 | D:6      | Found a sacrificial altar of Ru.
  3822 | D:6      | Found a snail-covered altar of Cheibriados.
  3868 | D:6      | Gained mutation: You cannot train Armour skill. [Ru sacrifice]
  3868 | D:6      | Reached * piety under Ru
  3997 | D:6      | Found a deep blue altar of Sif Muna.
  4028 | D:6      | Found a sand-covered staircase.
  4051 | Ossuary  | Entered an ossuary
  4072 | Ossuary  | Reached XP level 9. HP: 41/46 MP: 16/16
  4170 | Ossuary  | Reached skill level 6 in Stealth
  4743 | D:6      | Reached skill level 5 in Fighting
  4815 | D:6      | Reached skill level 7 in Stealth
  4949 | D:7      | Noticed Prince Ribbit
  4954 | D:7      | Noticed Dustman's ghost (novice FoFi)
  4955 | D:7      | Killed Prince Ribbit
  4955 | D:7      | Reached XP level 10. HP: 53/53 MP: 17/17
  5082 | D:7      | Got a scorched chain mail
  5093 | D:7      | Identified the +6 chain mail of Omission {rF++ Regen+ rCorr Dex-3} (You found it on level 7 of the Dungeon)
  5211 | D:7      | Killed Dustman's ghost
  5211 | D:7      | Reached skill level 8 in Stealth
  5524 | D:8      | Found a white marble altar of Elyvilon.
  5548 | D:8      | Found a shimmering altar of Xom.
  5551 | D:8      | Found an opulent altar of Gozag.
  5583 | D:8      | Found a bloodstained altar of Trog.
  5673 | D:8      | Found a staircase to the Lair.
  5814 | D:8      | Noticed a two-headed ogre
  5934 | D:8      | Killed a two-headed ogre
  6006 | D:8      | Gained mutation: You cannot drink potions while threatened. [Ru sacrifice]
  6006 | D:8      | Reached ** piety under Ru
  6047 | D:8      | Learned a level 3 spell: Ozocubu's Armour
  6052 | D:8      | Learned a level 4 spell: Passage of Golubria
  6085 | D:8      | Gained mutation: You are covered in fur. (AC +1) [potion of mutation]
  6085 | D:8      | Gained mutation: You can translocate small distances at will. [potion of mutation]
  6085 | D:8      | Gained mutation: You are resistant to hostile enchantments. (MR+) [potion of mutation]
  6186 | D:8      | Reached skill level 1 in Charms
  6186 | D:8      | Reached skill level 1 in Ice Magic
  6422 | D:9      | You fall through a shaft for 3 floors!
  6661 | D:11     | Noticed a two-headed ogre
  6691 | D:11     | Killed a two-headed ogre
  6691 | D:11     | Reached XP level 11. HP: 40/58 MP: 15/19
  6719 | D:10     | Entered Level 10 of the Dungeon
  6809 | D:9      | Reached skill level 5 in Spellcasting
  6857 | D:9      | Found a staircase to the Orcish Mines.
  7267 | D:9      | Noticed mtoz's ghost (novice MiBe)
  7290 | D:9      | Killed mtoz's ghost
  7479 | D:10     | Gained mutation: You cannot study or cast Poison magic. [Ru sacrifice]
  7479 | D:10     | Gained mutation: You cannot study or cast Necromancy magic. [Ru sacrifice]
  7479 | D:10     | Gained mutation: You cannot study or cast Conjurations magic. [Ru sacrifice]
  7479 | D:10     | Reached *** piety under Ru
  8075 | D:11     | Reached skill level 5 in Charms
  8075 | D:11     | Reached skill level 5 in Ice Magic
  8362 | D:11     | Noticed a manticore
  8383 | D:11     | Killed a manticore
  8401 | D:11     | Noticed a manticore
  8500 | D:11     | Killed a manticore
  8900 | D:11     | Noticed a purple ugly thing
  8910 | D:11     | Killed a purple ugly thing
  8985 | D:11     | Reached skill level 9 in Stealth
  9620 | D:12     | Gained mutation: You cannot study or use magical devices. [Ru sacrifice]
  9620 | D:12     | Reached **** piety under Ru
  9620 | D:12     | Reached ***** piety under Ru
  9683 | D:12     | Gained mutation: You heal very quickly. [Vine Stalker growth]
  9683 | D:12     | Reached XP level 12. HP: 19/62 MP: 22/22
 10052 | D:12     | Reached skill level 10 in Short Blades
 10333 | D:12     | Reached skill level 10 in Stealth
 10526 | Lair:1   | Entered Level 1 of the Lair of Beasts
 11406 | Lair:2   | Noticed Fannar
 11430 | Lair:2   | Killed Fannar
 11554 | Lair:2   | Gained mutation: You are clumsy. (Dex -2) [Ru sacrifice]
 11554 | Lair:2   | Reached ****** piety under Ru
 11723 | Lair:2   | Reached skill level 5 in Dodging
 12408 | Lair:3   | Found a hole to the Spider Nest.
 12417 | Lair:3   | Reached skill level 11 in Stealth
 12584 | Lair:3   | Reached XP level 13. HP: 66/68 MP: 23/23
 13234 | Lair:3   | Found a staircase to the Swamp.
 13462 | Lair:4   | Got a wavering sapphire amulet
 13464 | Lair:4   | Identified the amulet "Boggeuto" {Inacc rF+ Dex+2} (You found it on level 4 of the Lair of Beasts)
 13939 | Lair:4   | Learned a level 1 spell: Apportation
 14405 | Lair:5   | Found a labyrinth entrance.
 14427 | Lab      | Entered a labyrinth
 15608 | Lab      | Noticed a minotaur
 15620 | Lab      | Killed a minotaur
 15620 | Lab      | Reached skill level 12 in Stealth
 15623 | Lab      | Got a polished lajatang {flame}
 15626 | Lab      | Got an ancient leather armour
 15626 | Lab      | Got a jewelled leather armour
 15629 | Lair:5   | Identified the +7 lajatang "Fonwaneg" {flame, Fragile Str+3 Int+10} (You took it off a minotaur in a labyrinth)
 15640 | Lair:5   | Identified the cursed +0 leather armour of Avot {Str+2} (You found it in a labyrinth)
 15654 | Lair:5   | Identified the +1 leather armour of the Sun {rElec rN+++ Regen+ Dex-4} (You found it in a labyrinth)
 15699 | Lair:5   | Noticed Ripsaw's ghost (journeyman DrCj)
 15739 | Lair:5   | Killed Ripsaw's ghost
 16431 | Lair:5   | Found a viscous altar of Jiyva.
 16431 | Lair:5   | Found a staircase to the Slime Pits.
 17499 | D:13     | Found Zatwoq's Antique Weapon Boutique.
 17817 | D:14     | Noticed Sonja
 17833 | D:14     | Noticed Rupert
 17866 | D:14     | Found a glowing golden altar of the Shining One.
 17867 | D:14     | Noticed Kirke
 17971 | D:14     | Killed Kirke
 17971 | D:14     | Reached XP level 14. HP: 62/75 MP: 24/24
 18282 | D:14     | Reached skill level 13 in Stealth
 18544 | D:14     | Found a gate to the Vaults.
 18653 | D:15     | Entered Level 15 of the Dungeon
 18800 | D:15     | Reached skill level 10 in Fighting
 19591 | Lair:6   | Entered Level 6 of the Lair of Beasts
 19670 | Lair:6   | Noticed a dire elephant
 20301 | Lair:6   | Reached XP level 15. HP: 54/81 MP: 23/25
 20316 | Lair:6   | Reached skill level 14 in Stealth
 21270 | Orc:1    | Entered Level 1 of the Orcish Mines
 21270 | Orc:1    | Noticed Maurice
 21274 | Orc:1    | Killed Maurice
 21386 | Orc:1    | Found a dark tunnel.
 21420 | Volcano  | Entered a volcano
 21564 | Volcano  | Found a radiant altar of Vehumet.
 21949 | Orc:2    | Entered Level 2 of the Orcish Mines
 21949 | Orc:2    | Found a staircase to the Elven Halls.
 21965 | Orc:2    | Found a roughly hewn altar of Beogh.
 22110 | Orc:2    | Found Suuroed's Antique Weapon Shop.
 22128 | Orc:2    | Noticed Erolcha
 22135 | Orc:2    | Killed Erolcha
 22239 | Orc:2    | Noticed Donald
 22247 | Orc:2    | Killed Donald
 22295 | Orc:2    | Noticed Saint Roka
 22310 | Orc:2    | Killed Saint Roka
 23170 | Orc:2    | Found Tazu's Distillery.
 23170 | Orc:2    | Found Gommaaga's Distillery.
 23180 | Orc:2    | Found Hemy's General Store.
 23180 | Orc:2    | Found Piky's Jewellery Boutique.
 23190 | Orc:2    | Bought 2 potions of invisibility for 240 gold pieces
 23190 | Orc:2    | Bought a potion of curing for 45 gold pieces
 23190 | Orc:2    | Bought a potion of magic for 120 gold pieces
 23192 | Orc:2    | Bought 2 potions of mutation for 288 gold pieces
 23192 | Orc:2    | Bought a potion of resistance for 180 gold pieces
 23192 | Orc:2    | Bought a potion of invisibility for 144 gold pieces
 23192 | Orc:2    | Bought a potion of curing for 54 gold pieces
 23192 | Orc:2    | Bought a potion of might for 72 gold pieces
 23197 | Orc:2    | Bought a potion of curing for 45 gold pieces
 23197 | Orc:2    | Bought a potion of agility for 60 gold pieces
 23197 | Orc:2    | Bought a potion of magic for 120 gold pieces
 23197 | Orc:2    | Bought a potion of curing for 45 gold pieces
 23197 | Orc:2    | Bought a potion of curing for 45 gold pieces
 23197 | Orc:2    | Bought 2 potions of might for 120 gold pieces
 23197 | Orc:2    | Bought a potion of agility for 60 gold pieces
 23197 | Orc:2    | Bought a potion of curing for 45 gold pieces
 23249 | Orc:2    | Lost mutation: You are resistant to hostile enchantments. (MR+) [potion of mutation]
 23249 | Orc:2    | Lost mutation: You can translocate small distances at will. [potion of mutation]
 23249 | Orc:2    | Gained mutation: Your system is resistant to poisons. (rPois) [potion of mutation]
 23249 | Orc:2    | Gained mutation: You are partially covered in large bone plates. (SH +4) [potion of mutation]
 23293 | Orc:1    | You fall through a shaft!
 23615 | D:15     | Reached XP level 16. HP: 86/86 MP: 29/29
 23625 | D:15     | Reached skill level 1 in Shields
 23759 | D:15     | Found a shadowy altar of Dithmenos.
 23858 | D:15     | Found a staircase to the Depths.
 24239 | Swamp:1  | Entered Level 1 of the Swamp
 24481 | Swamp:1  | Got a transparent plate armour
 24492 | Swamp:1  | Identified the +0 plate armour of Ashenzari's Anger {Str+6} (You found it on level 1 of the Swamp)
 24535 | Swamp:1  | Noticed a thorn hunter
 24552 | Swamp:1  | Killed a thorn hunter
 24558 | Swamp:1  | Reached skill level 5 in Shields
 25814 | Swamp:4  | Entered Level 4 of the Swamp
 25814 | Swamp:4  | Noticed Jorgrun
 25932 | Swamp:3  | Got a heavily runed buckler
 25955 | Swamp:3  | Identified the cursed +0 buckler of Weightlessness {*Slow rPois Dex+6} (You found it on level 3 of the Swamp)
 26567 | Spider:1 | Entered Level 1 of the Spider Nest
 26584 | Spider:1 | Noticed Alarkh's ghost (adept DsMo)
 26692 | Spider:1 | Reached skill level 10 in Spellcasting
 26916 | Spider:1 | Killed Alarkh's ghost
 27135 | Spider:1 | Learned a level 6 spell: Invisibility
 27152 | Spider:1 | Reached skill level 1 in Hexes
 27225 | Spider:1 | Reached XP level 17. HP: 91/91 MP: 32/32
 27266 | Spider:1 | Noticed Louise
 27279 | Spider:1 | Killed Louise
 27458 | Spider:1 | Identified the cursed +1 robe of Beckyvut {MR+ Int+2} (You found it on level 1 of the Spider Nest)
 27846 | Spider:2 | Reached skill level 5 in Hexes
 28867 | Spider:3 | Noticed Asterion
 28880 | Spider:3 | Killed Asterion
 29467 | Spider:3 | Reached skill level 10 in Hexes
 29734 | Spider:3 | Noticed Aizul
 29810 | Spider:3 | Killed Aizul
 29926 | Spider:3 | Noticed Arachne
 30055 | Spider:3 | Killed Arachne
 30268 | Spider:4 | Entered Level 4 of the Spider Nest
 30577 | Spider:3 | Reached XP level 18. HP: 91/95 MP: 33/33
 31311 | Spider:4 | Got a gossamer rune of Zot
 31888 | Swamp:4  | Killed Jorgrun
 32290 | Swamp:4  | Noticed a bone dragon
 32741 | Swamp:4  | Killed a bone dragon
 32909 | Swamp:4  | Got a decaying rune of Zot
 33369 | Vaults:1 | Entered Level 1 of the Vaults
 33496 | Vaults:1 | Reached XP level 19. HP: 99/99 MP: 35/35
 33738 | Vaults:1 | Reached skill level 10 in Shields
 34145 | Vaults:1 | Reached skill level 15 in Hexes
 36258 | Vaults:2 | Reached XP level 20. HP: 86/105 MP: 37/37
 37646 | Vaults:2 | Reached skill level 10 in Dodging
 37879 | Vaults:3 | Found a staircase to the Crypt.
 37939 | Vaults:3 | Noticed Xtahua
 37960 | Vaults:3 | Killed Xtahua
 38033 | Vaults:3 | Noticed Frederick
 38477 | Vaults:3 | Killed Frederick
 38746 | Vaults:3 | Noticed Boris
 38750 | Vaults:3 | Killed Boris
 39038 | Vaults:3 | Identified Qantodu's Tome of the Snowflakes
 39364 | Vaults:4 | Reached XP level 21. HP: 112/112 MP: 39/39
 39533 | Vaults:4 | Found Hipsuthrosa's Gadget Boutique.
 40727 | Vaults:4 | Identified the +0 robe of Anaesthesia {Slay+3} (You found it on level 4 of the Vaults)
 41246 | D:14     | Killed Sonja
 41272 | D:14     | Found a large runed door.
 41272 | D:14     | Found a large runed door.
 41353 | Depths:1 | Entered Level 1 of the Depths
 41530 | Depths:1 | Got a vibrating pewter ring
 41561 | Depths:1 | Identified the ring of Laagip {Wiz rN+ Int+2} (You found it on level 1 of the Depths)
 41577 | Depths:1 | Found a gateway to a ziggurat.
 41643 | Depths:1 | Found a magical portal.
 41652 | WizLab   | Entered Cigotuvi's Fleshworks
 42004 | WizLab   | Identified Cigotuvi's Volume of Unholy Moulding
 42006 | WizLab   | Identified Riewk's Catalogue of Transmigration
 42009 | WizLab   | Identified Tebreb's Handbook of Transmigration
 42170 | WizLab   | Paralysed by a floating eye for 3 turns
 42261 | WizLab   | Got a sparkling bronze ring
 42263 | WizLab   | Identified the ring "Zyagec" {Int+3 SInv} (You found it in a wizard's laboratory)
 42449 | WizLab   | Learned a level 5 spell: Aura of Abjuration
 42536 | Depths:1 | Lost mutation: You are partially covered in large bone plates. (SH +4) [potion of mutation]
 42536 | Depths:1 | Lost mutation: You are covered in fur. (AC +1) [potion of mutation]
 42536 | Depths:1 | Lost mutation: Your system is resistant to poisons. (rPois) [potion of mutation]
 42536 | Depths:1 | Gained mutation: You have a pair of small horns on your head. [potion of mutation]
 42536 | Depths:1 | Gained mutation: You passively map a small area around you. [potion of mutation]
 42537 | Depths:1 | Lost mutation: You have a pair of small horns on your head. [potion of mutation]
 42537 | Depths:1 | Lost mutation: You passively map a small area around you. [potion of mutation]
 42537 | Depths:1 | Gained mutation: You are weak. (Str -2) [potion of mutation]
 42537 | Depths:1 | Gained mutation: You can translocate small distances at will. [potion of mutation]
 42537 | Depths:1 | Gained mutation: You have large cloven feet. [potion of mutation]
 42538 | Depths:1 | Lost mutation: You are weak. (Str -2) [potion of mutation]
 42538 | Depths:1 | Lost mutation: You have large cloven feet. [potion of mutation]
 42538 | Depths:1 | Gained mutation: Your muscles are strong. (Str +2) [potion of mutation]
 42538 | Depths:1 | Gained mutation: You are partially covered in slimy green scales. (AC +2) [potion of mutation]
 42539 | Depths:1 | Lost mutation: Your muscles are strong. (Str +2) [potion of mutation]
 42539 | Depths:1 | Gained mutation: Armour fits poorly on your strangely shaped body. [potion of mutation]
 42539 | Depths:1 | Gained mutation: You expend magic power (3 MP) to strengthen your wands. [potion of mutation]
 42539 | Depths:1 | Gained mutation: You have a somewhat thin skeletal structure. (Dex +2, Stealth) [potion of mutation]
 42540 | Depths:1 | Lost mutation: Armour fits poorly on your strangely shaped body. [potion of mutation]
 42540 | Depths:1 | Lost mutation: You can translocate small distances at will. [potion of mutation]
 42540 | Depths:1 | Gained mutation: Your flesh is heat resistant. (rF+) [potion of mutation]
 42540 | Depths:1 | Gained mutation: You have large cloven feet. [potion of mutation]
 42622 | Depths:1 | Found a runed door.
 42636 | Depths:1 | Reached skill level 1 in Summonings
 42689 | Depths:1 | Reached skill level 15 in Spellcasting
 42740 | Depths:1 | Reached XP level 22. HP: 111/119 MP: 42/42
 43062 | Depths:1 | Identified Wafeyxus's Compendium of Venom and the Frostbite
 43154 | Depths:1 | Found a one-way gate to the infinite horrors of the Abyss.
 43156 | Depths:1 | Found a gateway to Hell.
 43168 | Depths:1 | Reached skill level 5 in Summonings
 44136 | Depths:3 | Noticed Margery
 45060 | Depths:2 | Reached skill level 15 in Dodging
 45454 | Depths:2 | Identified the +5 longbow "Jufem" {freeze, -Tele +Inv rPois rF+++} (You found it on level 2 of the Depths)
 45874 | Depths:3 | Got a twitching ivory ring
 45886 | Depths:3 | Identified the ring of Wonder {*Contam rPois rC+ Dex+5} (You took it off a deep elf annihilator on level 3 of the Depths)
 45949 | Depths:3 | Killed Margery
 45949 | Depths:3 | Reached XP level 23. HP: 96/123 MP: 43/43
 46748 | Depths:3 | Found a one-way gate leading to the halls of Pandemonium.
 47511 | Depths:4 | Noticed the Enchantress
 47539 | Depths:4 | Killed the Enchantress
 47541 | Depths:4 | Got faerie dragon scales
 47564 | Depths:4 | Identified the +5 faerie dragon scales {rCorr Str+3 Stlth-} (You took it off the Enchantress on level 4 of the Depths)
 47911 | Depths:5 | Entered Level 5 of the Depths
 48012 | Depths:5 | Lost mutation: You have large cloven feet. [potion of mutation]
 48012 | Depths:5 | Lost mutation: You expend magic power (3 MP) to strengthen your wands. [potion of mutation]
 48012 | Depths:5 | Gained mutation: You are resistant to hostile enchantments. (MR+) [potion of mutation]
 48012 | Depths:5 | Lost mutation: You are partially covered in slimy green scales. (AC +2) [potion of mutation]
 48012 | Depths:5 | Lost mutation: You have a somewhat thin skeletal structure. (Dex +2, Stealth) [potion of mutation]
 48012 | Depths:5 | Gained mutation: You regenerate. [potion of mutation]
 48308 | Depths:5 | Noticed a caustic shrike
 48315 | Depths:5 | Noticed a caustic shrike
 48315 | Depths:5 | Noticed a caustic shrike
 48316 | Depths:5 | Noticed a caustic shrike
 48320 | Depths:5 | Noticed a caustic shrike
 48525 | Depths:5 | Reached skill level 10 in Summonings
 48736 | Depths:5 | Found a portal to a secret trove of treasure.
 49009 | Depths:5 | Reached XP level 24. HP: 128/128 MP: 44/44
 49072 | Depths:5 | Found a gate to the Realm of Zot.
 49175 | Depths:5 | Reached skill level 15 in Stealth
 49251 | Depths:5 | Killed a caustic shrike
 49253 | Depths:5 | Killed a caustic shrike
 49259 | Depths:5 | Killed a caustic shrike
 49260 | Depths:5 | Killed a caustic shrike
 49269 | Depths:5 | Killed a caustic shrike
 49393 | Depths:5 | Got a transparent bone ring
 49395 | Depths:5 | Identified the ring "Boocusmo" {rC+ Str+2 Dex+2 Stlth-} (You found it on level 5 of the Depths)
 49485 | Depths:5 | Paralysed by a floating eye for 2 turns
 50002 | Vaults:5 | Entered Level 5 of the Vaults
 50169 | Vaults:5 | Reached skill level 16 in Stealth
 50304 | Vaults:5 | Found Mahuipeu's Food Emporium.
 50304 | Vaults:5 | Found Desaek's Magic Scroll Boutique.
 50310 | Vaults:5 | Found Gaes's Distillery.
 50328 | Vaults:5 | Bought a scroll of fear for 80 gold pieces
 50328 | Vaults:5 | Bought a scroll of blinking for 172 gold pieces
 50328 | Vaults:5 | Bought a scroll of enchant weapon for 172 gold pieces
 50328 | Vaults:5 | Bought a scroll of teleportation for 69 gold pieces
 50336 | Vaults:5 | Bought a potion of curing for 60 gold pieces
 50336 | Vaults:5 | Bought 2 potions of berserk rage for 200 gold pieces
 50336 | Vaults:5 | Bought a potion of curing for 60 gold pieces
 50336 | Vaults:5 | Bought a potion of curing for 60 gold pieces
 50613 | Vaults:5 | Noticed an ancient lich
 50633 | Vaults:5 | Killed an ancient lich
 50800 | Vaults:5 | Reached skill level 15 in Fighting
 50828 | Vaults:5 | Reached XP level 25. HP: 73/135 MP: 44/44
 50859 | Vaults:5 | Got a steaming granite ring
 50863 | Vaults:5 | Identified the ring "Cetoih" {-Tele *Drain rPois rC+++ MR+} (You took it off a vault guard on level 5 of the Vaults)
 50915 | Vaults:5 | Reached skill level 17 in Stealth
 51168 | Vaults:5 | Noticed an ancient lich
 51186 | Vaults:5 | Killed an ancient lich
 51764 | Vaults:5 | Reached skill level 18 in Stealth
 51946 | Vaults:5 | Found the +7 Kryia's mail coat {PotionHeal*2 rC+}
 52377 | Vaults:5 | Got a silver rune of Zot
 52897 | Elf:1    | Entered Level 1 of the Elven Halls
 53137 | Elf:1    | Found Gafim's Armour Shoppe.
 53139 | Elf:1    | Found Qeask's General Store.
 53141 | Elf:1    | Found Ezajaowk's General Store.
 53147 | Elf:1    | Bought a scroll of enchant armour for 127 gold pieces
 53147 | Elf:1    | Bought a potion of resistance for 170 gold pieces
 53177 | Elf:2    | Found Gayhuwot's Gadget Boutique.
 53385 | Elf:2    | Found a runed gate.
 53385 | Elf:2    | Found a runed gate.
 53385 | Elf:2    | Found a runed gate.
 53604 | Elf:2    | Found a radiant altar of Vehumet.
 54063 | Elf:2    | Reached skill level 19 in Stealth
 54063 | Elf:2    | Reached XP level 26. HP: 78/143 MP: 38/44
 54201 | Elf:3    | Entered Level 3 of the Elven Halls
 54264 | Elf:3    | Found Zuilyets's Magic Scroll Emporium.
 54279 | Elf:3    | Found Jucou's Antique Weapon Boutique.
 54286 | Elf:3    | Bought a scroll of brand weapon for 320 gold pieces
 54291 | Elf:3    | Bought a scroll of enchant weapon for 120 gold pieces
 54356 | Elf:3    | Found Qugg's Food Shoppe.
 54481 | Elf:3    | Found Ochum's Assorted Antiques.
 54505 | Elf:3    | Found Diefrewo's Assorted Antiques.
 54514 | Elf:3    | Bought a potion of haste for 260 gold pieces
 54597 | Elf:3    | Bought a scroll of acquirement for 832 gold pieces
 54654 | Elf:3    | Bought a potion of curing for 78 gold pieces
 54654 | Elf:3    | Bought a scroll of enchant armour for 195 gold pieces
 54654 | Elf:3    | Bought a scroll of teleportation for 78 gold pieces
 54654 | Elf:3    | Bought an onyx ring for 130 gold pieces
 54979 | Elf:3    | Noticed Nikola
 55018 | Elf:3    | Killed Nikola
 55115 | Elf:3    | Got a pitted steel ring
 55223 | Elf:3    | Got a brightly glowing rapier
 55230 | Elf:3    | Identified Onataz's Incunabulum of Toxins and Sinister Rites
 55276 | Elf:3    | Identified the ring "Girphyuh" {+Fly Dex+6} (You took it off a deep elf sorcerer on level 3 of the Elven Halls)
 55277 | Elf:3    | Identified the +9 rapier of Mael {freeze, MR+} (You found it on level 3 of the Elven Halls)
 55282 | Elf:3    | Lost mutation: Your flesh is heat resistant. (rF+) [potion of mutation]
 55282 | Elf:3    | Lost mutation: You are resistant to hostile enchantments. (MR+) [potion of mutation]
 55282 | Elf:3    | Gained mutation: You have sharp toenails. [potion of mutation]
 55282 | Elf:3    | Gained mutation: You are partially covered in thin metallic scales. (AC +2) [potion of mutation]
 55282 | Elf:3    | Gained mutation: You have a pair of small horns on your head. [potion of mutation]
 55283 | Elf:3    | Lost mutation: You have a pair of small horns on your head. [potion of mutation]
 55283 | Elf:3    | Lost mutation: You regenerate. [potion of mutation]
 55283 | Elf:3    | Lost mutation: You are partially covered in thin metallic scales. (AC +2) [potion of mutation]
 55283 | Elf:3    | Gained mutation: Your flesh is heat resistant. (rF+) [potion of mutation]
 55283 | Elf:3    | Gained mutation: You are covered in fur. (AC +1) [potion of mutation]
 55284 | Elf:3    | Lost mutation: You have sharp toenails. [potion of mutation]
 55284 | Elf:3    | Gained mutation: You are robust. (+10% HP) [potion of mutation]
 55284 | Elf:3    | Gained mutation: You are somewhat resistant to further mutation. [potion of mutation]
 55888 | Zot:1    | Entered Level 1 of the Realm of Zot
 55975 | Zot:1    | Reached skill level 20 in Stealth
 56344 | Zot:1    | Noticed an orb of fire
 56355 | Zot:1    | Killed an orb of fire
 56454 | Zot:1    | Gained mutation: You tend to lose your temper in combat. [mutagenic glow]
 56701 | Zot:1    | Lost mutation: You are robust. (+10% HP) [potion of mutation]
 56701 | Zot:1    | Lost mutation: You tend to lose your temper in combat. [potion of mutation]
 56701 | Zot:1    | Gained mutation: You are partially covered in yellow scales. (AC +2) [potion of mutation]
 56863 | Zot:2    | Reached XP level 27. HP: 141/150 MP: 44/44
 56894 | Zot:2    | Reached skill level 21 in Stealth
 58417 | Zot:4    | Reached skill level 22 in Stealth
 58989 | Zot:5    | Entered Level 5 of the Realm of Zot
 59028 | Zot:5    | Noticed an ancient lich
 59066 | Zot:5    | Killed an ancient lich
 59248 | Zot:5    | Noticed an ancient lich
 59282 | Zot:5    | Killed an ancient lich
 59483 | Zot:5    | Noticed an orb of fire
 59532 | Zot:5    | Killed an orb of fire
 59535 | Zot:5    | Noticed an orb of fire
 59556 | Zot:5    | Killed an orb of fire
 59556 | Zot:5    | Reached skill level 23 in Stealth
 59606 | Zot:5    | Noticed an ancient lich
 59684 | Zot:5    | Killed an ancient lich
 59832 | Zot:5    | Noticed an ancient lich
 59869 | Zot:5    | Killed an ancient lich
 60026 | Zot:5    | Noticed an orb of fire
 60060 | Zot:5    | Killed an orb of fire
 60060 | Zot:5    | Reached skill level 24 in Stealth
 60199 | Zot:5    | Got the Orb of Zot
 60381 | Depths:5 | Noticed a seraph
 60703 | D:11     | Noticed Hysabb Edus the pandemonium lord
 60714 | D:11     | Killed Hysabb Edus the pandemonium lord
 60919 | D:$      | Escaped with the Orb!

Vault maps used:
D:1:      minmay_arrival_four_circles, minmay_rat_gold_closets
D:2:      nicolae_overflow_hidden_temple, first_ration, uniq_terence,
          uniq_natasha
D:4:      marbit_many_paths, serial_curves, eino_curves_02, eino_curves_02
D:5:      cheibrodos_two_vegetables, temple_doors_cd, basic_altar,
          kennysheep_windowed_goal, uniq_pikel
D:6:      kennysheep_little_box, lemuel_round_altar, kennysheep_mini_moat,
          enter_ossuary_1, nicolae_ru_great_annihilating_truth
D:7:      uniq_prince_ribbit1
D:8:      grunt_temple_overflow_cloverleaf, dpeg_oklobed_lair, serial_bayou,
          serial_bayou_pond_b, serial_bayou_pond_d, serial_bayou_pond_d,
          serial_bayou_ford_a
D:9:      orc_0_dummy
D:10:     serial_glass, glass_columns_b, glass_columns_a
D:13:     serial_shops, shop, the_bakery
D:14:     hangedman_vaults_entry_quadrant_bands, old_standard_altar,
          lightli_elemental_guards, uniq_kirke, uniq_sonja, uniq_rupert
D:15:     grunt_enter_depths_snipers, grunt_dithmenos_smoke,
          lightli_corner_chamber
Temple:   cyrus_circular_temple
Lair:2:   grunt_forest_large_clearings, grunt_megastairs_4, uniq_fannar
Lair:3:   nicolae_swamp_entry_splash_gauntlet, spider_nest_entry_rubble,
          beast_lair_carwin_6, wad_woods_river_01
Lair:4:   cheibrodos_magma_flow, lookout_lair_type, minivault_11,
          roderic_batcave, serial_bayou_shore_b, minmay_lair_oklob_chamber,
          serial_bayou_shore_b
Lair:5:   dpeg_slime_entry_enclosed_altar, lab_entry_generic
Lair:6:   grunt_lair_end_beastmaster, nicolae_quartered_pool_super
Swamp:1:  serial_swamp_ruin, evilmike_swamp_ruin_house_3,
          evilmike_swamp_ruin_house_5
Swamp:2:  nicolae_swamp_feature_on_the_river_bank
Swamp:3:  evilmike_swamp_ruin_house_2, swamp_pool5
Swamp:4:  swamp_pestilence, uniq_jorgrun
Spider:1: uniq_louise
Spider:2: nicolae_spider_cling_ruins
Spider:3: special_room, uniq_asterion, uniq_arachne, uniq_aizul
Spider:4: guppyfry_spider_rune, hangedman_stitches_earthworm
Orc:1:    nicolae_volcano_entry_lava_flow, uniq_maurice
Orc:2:    grunt_orc_tribal_feast, serial_shops, shop, mines1_david,
          uniq_erolcha, uniq_saint_roka, uniq_donald
Elf:1:    minmay_elf_arrival_summoners, minivault_28, minmay_shop_star
Elf:2:    serial_shops, shop_fountains, basic_altar, lemuel_elevator
Elf:3:    minmay_elf_hall_quartered_circle, serial_shops, shop,
          nicolae_shop_competitors_out_of_business, shop, shop, shop,
          grunt_ministairs_6, uniq_nikola
Vaults:1: hangedman_vaults_trim, v_misc_32, vaults_room_fancy_cross,
          hangedman_vaults_unwind, ontoclasm_vaults_tryst,
          nicolae_vaults_alarming, vaults_dpeg_encased_lava,
          ontoclasm_vaults_gateway, v_misc_26
Vaults:2: vaults_dpeg_hooks, st_greater_box_2, grunt_vaults_diagonal, v_rooms_2,
          v_misc_16, v_rooms_3, grunt_vaults_funnel, vaults_mumra_hex,
          ontoclasm_vaults_chip
Vaults:3: v_misc_4, nicolae_vaults_triangles, blue_anna_dwarven_crypt,
          st_squares, nicolae_vaults_shelves_hall, ontoclasm_vaults_idyll,
          vaults_room_octagon, nicolae_vaults_puzzle_piece, grunt_vaults_swirl,
          v_misc_14, vaults_room_pool, ontoclasm_vaults_chip,
          ontoclasm_vaults_claustrophobia, v_misc_12,
          nicolae_vaults_little_squares_2, v_misc_16, nicolae_vaults_asterisk,
          uniq_boris, uniq_xtahua, uniq_frederick
Vaults:4: vaults_mumra_chevron, st_hourglassy, v_alt_pattern_2,
          nicolae_vaults_shelves_hall, hangedman_vaults_stream, v_misc_10,
          dpeg_vaults_monster_box, nicolae_vaults_border_crossing,
          nicolae_vaults_network_square, nicolae_vaults_asterisk,
          vaults_room_door_ring, serial_shops, shop
Depths:1: enter_ziggurat_b, hangedman_coc_ice_floe, abyss_entry,
          mu_enter_wizlab_3, kennysheep_treasure_room
Depths:2: cross_vault, minmay_misc_feat_alley, pf_vacation_house_of_asmodeus
Depths:3: minmay_the_grid_3x2, rand_demon_pan_entry_7, minmay_misc_feat_x,
          pf_hell_entry_tar_river, minmay_misc_feat_tiny, uniq_margery
Depths:4: hangedman_arrow_trap, minmay_misc_feat_more_columns,
          abyss_entry_small_statue_room, hell_entry,
          minmay_staircase_windowed_large, uniq_enchantress
Depths:5: grunt_zot_entry_bicorn, enter_trove_5, hell_entry,
          serial_bayou_shore_b
Zot:2:    grunt_ministairs_7, hangedman_zot_wheel_spokes
Zot:3:    nicolae_zot_crop_circle
Zot:4:    kennysheep_room_grid
Lab:      labyrinth_watery, nicolae_lab_very_dead_end
Ossuary:  ossuary_zaba_flooded
Volcano:  volcano_lake
WizLab:   wizlab_cigotuvi

Skill      XL: |  1  2  3  4  5  6  7  8  9 10 11 12 13 14 15 16 17 18 19 20 21 22 23 24 25 26 27 |
---------------+----------------------------------------------------------------------------------+-----
Short Blades   | 2 4 6 8 9 11 12 13 14 | 14.0
Fighting       | 2 3 4 5 6 8 9 10 11 12 13 15 16 17 19 | 19.9
Stealth        | 1 3 5 7 8 9 11 12 13 14 16 19 20 24 | 24.3
Translocations | 4 5 6 8 |  8.7
Spellcasting   | 3 4 6 8 10 11 12 13 15 16 | 16.3
Dodging        | 3 5 7 8 9 10 11 16 17 18 19 20 | 20.8
Charms         | 3 5 |  5.9
Ice Magic      | 3 5 |  5.9
Shields        | 8 9 11 12 13 14 | 14.3
Hexes          | 2 11 14 15 | 15.0
Summonings     | 2 5 10 | 10.7
Throwing       | |  0.8

Action                   |  1- 3 |  4- 6 |  7- 9 | 10-12 | 13-15 | 16-18 | 19-21 | 22-24 | 25-27 || total
-------------------------+-------+-------+-------+-------+-------+-------+-------+-------+-------++-------
Melee: Short sword       |    50 |       |       |       |       |       |       |       |       ||    50
       Bite              |    26 |    73 |   199 |   632 |   898 |  1125 |  1275 |  1301 |  1169 ||  6698
       Dagger            |    97 |   272 |   502 |  1258 |   381 |       |       |       |       ||  2510
       Rapier            |       |       |       |    62 |  1482 |  2510 |  2773 |  2285 |  1183 || 10295
       Quick blade       |       |       |       |       |       |       |       |   321 |  1512 ||  1833
Throw: Tomahawk          |       |       |       |       |     6 |     2 |       |       |       ||     8
       Javelin           |       |       |       |       |     7 |    13 |       |       |       ||    20
       Throwing net      |       |       |       |       |     1 |     1 |     7 |     1 |     3 ||    13
 Cast: Blink             |       |     2 |       |       |     2 |     3 |     4 |       |       ||    11
       Shroud of Golubri |       |     3 |     9 |    15 |     8 |    12 |    11 |     2 |       ||    60
       Ozocubu's Armour  |       |       |       |    28 |    54 |    67 |    48 |    38 |    24 ||   259
       Invisibility      |       |       |       |       |       |     6 |    28 |    16 |    19 ||    69
       Apportation       |       |       |       |       |       |       |     4 |       |       ||     4
Invok: Sacrifice Durabil |       |       |     1 |       |       |       |       |       |       ||     1
       Sacrifice Drink   |       |       |       |     1 |       |       |       |       |       ||     1
       Sacrifice Artific |       |       |       |     1 |       |       |       |       |       ||     1
       Sacrifice Arcana  |       |       |       |     1 |       |       |       |       |       ||     1
       Power Leap        |       |       |       |     3 |    10 |    10 |     5 |     2 |     1 ||    31
       Sacrifice Purity  |       |       |       |     1 |       |       |       |       |       ||     1
       Apocalypse        |       |       |       |       |     4 |     5 |     6 |    10 |     5 ||    30
       Draw Out Power    |       |       |       |       |       |     1 |       |     1 |     1 ||     3
Evoke: Wand              |       |       |    13 |    17 |       |       |       |       |       ||    30
  Use: Scroll            |       |     8 |    10 |    12 |    14 |    12 |    14 |    22 |    23 ||   115
       Potion            |       |       |     2 |     4 |     7 |     9 |    14 |     5 |    10 ||    51
 Stab: Sleeping          |     6 |     3 |     8 |    22 |    35 |    22 |    36 |    20 |    27 ||   179
       Distracted        |       |       |     2 |     7 |    20 |    34 |    23 |    22 |    15 ||   123
       Paralysed         |       |       |     1 |     2 |    12 |     6 |     8 |    10 |    18 ||    57
       Invisible         |       |       |     8 |     9 |    22 |    92 |   159 |   109 |   124 ||   523
       Held in net/web   |       |       |       |       |     1 |       |     3 |     3 |     5 ||    12
       Petrified         |       |       |       |       |     1 |       |       |       |       ||     1
       Fleeing           |       |       |       |       |       |       |       |     1 |       ||     1
  Eat: Chunk             |       |     5 |     6 |    24 |    20 |    17 |    25 |    11 |    21 ||   129
       Ration            |       |       |     1 |     2 |     8 |     6 |     5 |     8 |     7 ||    37
Armor: Leather armour    |    48 |    88 |   105 |   333 |   221 |    30 |   112 |   246 |   175 ||  1358
       Robe              |       |       |       |    12 |    51 |       |       |       |       ||    63
       Troll leather arm |       |       |       |       |    67 |   448 |   108 |       |       ||   623
Dodge: Dodged            |    85 |   144 |   188 |   505 |   812 |   957 |   605 |   938 |   815 ||  5049
Block: Shield            |       |       |       |       |       |  1477 |   944 |   435 |       ||  2856
       Other             |       |       |       |       |       |    11 |       |       |       ||    11
       Reflection        |       |       |       |       |       |     1 |    58 |    19 |       ||    78
       Buckler           |       |       |       |       |       |       |       |   289 |   480 ||   769

Table legend:
 A = Spawn XP
 B = Non-spawn XP
 C = Spawn XP percentage of total XP
 D = Spawn monster count
 E = Non-spawn monster count
 F = Spawn count percentage of total count
 G = Total turns spent on level
                    A         B        C        D         E        F      G
               +---------+---------+-------+---------+---------+-------+---------
         Total |       0 | 1583870 |   0.0 |       0 |    2396 |   0.0 | 60919
               +---------+---------+-------+---------+---------+-------+---------
           D:1 |       0 |      52 |   0.0 |       0 |      32 |   0.0 |   694
           D:2 |       0 |     155 |   0.0 |       0 |      21 |   0.0 |   734
           D:3 |       0 |      49 |   0.0 |       0 |      21 |   0.0 |   402
           D:4 |       0 |     440 |   0.0 |       0 |      14 |   0.0 |   671
           D:5 |       0 |    1142 |   0.0 |       0 |      20 |   0.0 |  1033
           D:6 |       0 |    1186 |   0.0 |       0 |      29 |   0.0 |   982
           D:7 |       0 |    1803 |   0.0 |       0 |      20 |   0.0 |   535
           D:8 |       0 |    2222 |   0.0 |       0 |      25 |   0.0 |   917
           D:9 |       0 |    2330 |   0.0 |       0 |      35 |   0.0 |  1097
          D:10 |       0 |    1031 |   0.0 |       0 |       9 |   0.0 |   896
          D:11 |       0 |    5049 |   0.0 |       0 |      34 |   0.0 |  2629
          D:12 |       0 |    6337 |   0.0 |       0 |      48 |   0.0 |  1187
          D:13 |       0 |    5000 |   0.0 |       0 |      27 |   0.0 |   970
          D:14 |       0 |   16131 |   0.0 |       0 |      56 |   0.0 |  1233
          D:15 |       0 |   13765 |   0.0 |       0 |      32 |   0.0 |   996
        Lair:1 |       0 |    2323 |   0.0 |       0 |      18 |   0.0 |   938
        Lair:2 |       0 |    5751 |   0.0 |       0 |      32 |   0.0 |  1016
        Lair:3 |       0 |   11808 |   0.0 |       0 |      53 |   0.0 |  1547
        Lair:4 |       0 |    2995 |   0.0 |       0 |      25 |   0.0 |  1116
        Lair:5 |       0 |    3046 |   0.0 |       0 |       9 |   0.0 |  1154
        Lair:6 |       0 |   27940 |   0.0 |       0 |      65 |   0.0 |  1438
       Swamp:1 |       0 |    8230 |   0.0 |       0 |      17 |   0.0 |   628
       Swamp:2 |       0 |    6262 |   0.0 |       0 |      26 |   0.0 |   878
       Swamp:3 |       0 |   14885 |   0.0 |       0 |      42 |   0.0 |   986
       Swamp:4 |       0 |   24607 |   0.0 |       0 |      65 |   0.0 |  1092
      Spider:1 |       0 |   17700 |   0.0 |       0 |      41 |   0.0 |   784
      Spider:2 |       0 |   16774 |   0.0 |       0 |      44 |   0.0 |  1381
      Spider:3 |       0 |   43799 |   0.0 |       0 |     118 |   0.0 |  1646
      Spider:4 |       0 |   37051 |   0.0 |       0 |      81 |   0.0 |  1037
         Orc:1 |       0 |    1943 |   0.0 |       0 |       6 |   0.0 |   569
         Orc:2 |       0 |   19080 |   0.0 |       0 |      66 |   0.0 |  1305
         Elf:1 |       0 |   17504 |   0.0 |       0 |      29 |   0.0 |   328
         Elf:2 |       0 |   40207 |   0.0 |       0 |      60 |   0.0 |  1048
         Elf:3 |       0 |   54482 |   0.0 |       0 |      48 |   0.0 |  1204
      Vaults:1 |       0 |   51140 |   0.0 |       0 |      87 |   0.0 |  1781
      Vaults:2 |       0 |   72297 |   0.0 |       0 |     111 |   0.0 |  2619
      Vaults:3 |       0 |   52070 |   0.0 |       0 |      65 |   0.0 |  1640
      Vaults:4 |       0 |   56982 |   0.0 |       0 |      87 |   0.0 |  2077
      Vaults:5 |       0 |  160784 |   0.0 |       0 |     124 |   0.0 |  2524
      Depths:1 |       0 |   55451 |   0.0 |       0 |      72 |   0.0 |  1567
      Depths:2 |       0 |   62304 |   0.0 |       0 |      76 |   0.0 |  1712
      Depths:3 |       0 |   65754 |   0.0 |       0 |      77 |   0.0 |  1785
      Depths:4 |       0 |   29662 |   0.0 |       0 |      34 |   0.0 |   969
      Depths:5 |       0 |  111385 |   0.0 |       0 |      92 |   0.0 |  1847
         Zot:1 |       0 |   70552 |   0.0 |       0 |      44 |   0.0 |   915
         Zot:2 |       0 |   73242 |   0.0 |       0 |      45 |   0.0 |   818
         Zot:3 |       0 |   44868 |   0.0 |       0 |      27 |   0.0 |   607
         Zot:4 |       0 |   45587 |   0.0 |       0 |      31 |   0.0 |   903
         Zot:5 |       0 |  186782 |   0.0 |       0 |      59 |   0.0 |  1228
           Lab |       0 |    1831 |   0.0 |       0 |       5 |   0.0 |  1201
       Ossuary |       0 |     843 |   0.0 |       0 |      32 |   0.0 |   416
       Volcano |       0 |    5199 |   0.0 |       0 |      11 |   0.0 |   279
        WizLab |       0 |   24058 |   0.0 |       0 |      49 |   0.0 |   883
               +---------+---------+-------+---------+---------+-------+---------
